Map: Ice and Chrome LE

Players

TheSwiss

  • Race: Zerg Zerg
  • Spawn Location: 1:00

DLCFocesTTV - Winner!

  • Race: Terran Terran
  • League: Platinum
  • Spawn Location: 7:00

VOD

Have the link to the VOD?

Description

Time

  • Played on: Aug. 25, 2020, 6:04 a.m.
  • Length: 17:01
Show
View Real Time Build Order
Export as new Build Order

TheSwiss Zerg 

Build Orders: Hatch First 

Get SALT Encoding   

  12  0:02  Drone  
  13  0:08  Drone  
  14  0:18  Overlord  
  14  0:47  Hatchery  
  14  0:49  Drone x2  
  15  0:58  Drone  
  15  1:03  Drone  
  17  1:15  Drone  
  18  1:26  Drone  
  19  1:33  Extractor, Drone  
  19  1:43  Drone  
  20  1:49  Hatchery  
  19  1:57  Drone  
  20  2:02  Drone  
  20  2:04  Drone  
  22  2:14  Hatchery  
  21  2:18  Spawning Pool  
  20  2:23  Overlord  
  20  2:31  Drone x2  
  20  2:33  Drone  
  23  2:38  Drone  
  23  2:39  Drone  
  25  2:45  Overlord  
  25  2:50  Drone  
  26  2:56  Drone  
  27  2:59  Drone  
  28  3:05  Metabolic Boost  
  28  3:07  Zergling x4  
  28  3:08  Drone  
  31  3:14  Drone  
  31  3:18  Drone  
  33  3:22  Drone x2  
  33  3:26  Overlord  
  35  3:27  Queen  
  35  3:33  Overlord  
  37  3:34  Overlord  
  37  3:40  Drone x3  
  40  3:43  Drone  
  41  3:54  Drone  
  41  3:55  Drone x4  
  45  3:58  Zergling x2  
  45  3:59  Zergling x2  
  48  4:09  Drone  
  49  4:10  Drone  
  49  4:11  Overlord  
  49  4:12  Drone  
  49  4:13  Drone  
  52  4:25  Drone  
  52  4:26  Hatchery  
  50  4:32  Drone x3  
  50  4:33  Drone x2  
  50  4:34  Overlord  
  55  4:41  Hatchery  
  54  4:50  Drone x2  
  54  4:51  Drone x4  
  54  4:52  Queen  
  60  4:53  Queen  
  64  5:12  Extractor  
  63  5:17  Spore Crawler x2  
  63  5:18  Spore Crawler  
  60  5:21  Spore Crawler  
  60  5:22  Drone x4, Spore Crawler x2  
  60  5:23  Drone x2  
  60  5:25  Drone x4  
  62  5:47  Drone x3  
  62  5:48  Drone x2  
  62  5:49  Drone x5  
  73  5:50  Drone x2  
  74  6:00  Spore Crawler  
  70  6:06  Spawning Pool  
  66  6:22  Drone x3  
  66  6:23  Spawning Pool  
  63  6:35  Spore Crawler  
  63  6:36  Drone  
  63  6:37  Drone x6  
  63  6:38  Zergling x14  
  69  6:50  Zergling x2  
  69  6:51  Zergling x20  
  69  6:52  Spore Crawler  
  69  6:53  Spore Crawler  
  69  6:54  Spore Crawler x2  
  76  7:12  Lair  
  76  7:13  Spore Crawler  
  75  7:16  Drone  
  75  7:17  Drone x12, Spore Crawler x2  
  86  7:24  Overlord  
  86  7:25  Overlord x3  
  86  7:26  Zergling x2  
  86  7:27  Zergling x6  
  86  7:28  Drone x2  
  86  7:43  Spore Crawler  
  74  7:54  Zergling x6  
  74  8:08  Lair  
  74  8:10  Lair  
  74  8:15  Spire  
  74  8:18  Drone x4  
  74  8:19  Hydralisk Den, Zergling x6  
  84  8:20  Zergling x28  
  84  8:26  Extractor  
  92  8:29  Extractor  
  92  8:31  Drone x3  
  92  8:32  Extractor, Zergling x10  
  98  8:39  Drone  
  98  8:40  Overlord  
  99  8:41  Overlord x2  
  99  8:54  Hydralisk x2  
  103  8:58  Overlord x3  
  103  8:59  Overlord  
  102  9:04  Hatchery  
  94  9:16  Hydralisk  
  75  9:20  Zergling x12  
  75  9:21  Zergling x14  
  80  9:55  Zergling x12  
  80  9:56  Zergling x24  
  95  10:09  Queen  
  93  10:17  Zergling x4  
  93  10:18  Zergling x8  
  87  10:27  Hatchery  
  67  10:34  Hatchery  
  67  10:35  Zergling x12  
  66  10:36  Zergling x4  
  68  10:47  Corruptor x3  
  71  10:54  Corruptor  
  68  11:02  Extractor  
  68  11:03  Extractor  
  66  11:09  Corruptor  
  51  11:19  Drone x3  
  46  11:33  Zergling x14  
  46  11:34  Queen  
  51  11:53  Corruptor  
  36  12:30  Drone  
  36  12:31  Drone x2  
  14  13:01  Drone x6  
  14  13:02  Drone x2  
  22  13:13  Spawning Pool  
  22  13:14  Drone  
  18  13:23  Drone  
  18  13:25  Drone x3  
  22  13:38  Drone  
  21  14:08  Drone, Zergling x2  
  21  14:09  Zergling x10  
  28  14:11  Drone  
  29  14:20  Hatchery  
  28  14:26  Spire  
  21  14:38  Drone x3  
  21  14:39  Drone  
  21  14:40  Zergling x2  
  23  14:57  Drone x2  
  23  14:58  Drone x2  
  27  15:07  Drone  
  27  15:10  Nydus Network  
  22  15:37  Drone  
  22  15:38  Drone x3  
  26  15:49  Zergling x2  
  28  15:50  Zergling x6  
  30  16:13  Zergling x8  
Show
View Real Time Build Order
Export as new Build Order

DLCFocesTTV Terran - Winner!

Build Orders:  

Get SALT Encoding   

  12  0:00  SCV  
  13  0:18  SCV, Supply Depot  
  14  0:29  Refinery  
  14  0:34  SCV  
  15  0:43  Barracks  
  15  0:53  SCV  
  16  1:05  SCV  
  17  1:12  Supply Depot  
  17  1:17  SCV  
  18  1:31  Orbital Command  
  18  1:36  Refinery  
  18  1:37  Barracks Tech Lab  
  18  1:46  Factory  
  18  2:06  Marine  
  19  2:13  SCV  
  20  2:24  Command Center  
  20  2:25  SCV  
  21  2:39  Barracks Tech Lab  
  21  2:44  Starport  
  21  2:50  SCV  
  22  2:55  Siege Tank  
  25  3:02  SCV  
  26  3:07  Marine  
  27  3:27  Fusion Core  
  27  4:02  SCV  
  28  4:06  Refinery  
  31  4:14  SCV  
  31  4:15  Battlecruiser  
  35  4:18  SCV  
  35  4:20  Barracks Reactor  
  36  4:26  SCV  
  36  4:30  SCV, Barracks  
  38  4:36  Siege Tank  
  38  4:38  SCV  
  42  4:50  SCV  
  43  4:56  Barracks  
  43  5:01  Engineering Bay, Marine x2  
  43  5:02  SCV  
  43  5:03  Engineering Bay  
  46  6:30  Supply Depot  
  46  6:47  Barracks Tech Lab  
  46  6:49  Barracks Reactor  
  46  6:51  SCV, Marine x2  
  49  6:54  Supply Depot  
  49  7:04  SCV  
  50  7:09  Marine x2  
  50  7:11  Stimpack  
  50  7:13  Terran Infantry Armor Level 1, Terran Infantry Weapons Level 1  
  52  7:17  Supply Depot  
  52  7:22  Planetary Fortress  
  52  7:27  Marine x2  
  54  7:31  Command Center  
  51  7:40  Supply Depot  
  51  7:42  Battlecruiser  
  46  7:45  Marine x2  
  46  7:50  Marine x2  
  42  8:00  SCV  
  42  8:02  Marine x2  
  42  8:03  Supply Depot  
  45  8:06  Siege Tank  
  45  8:07  Marine  
  45  8:08  Marine  
  45  8:12  SCV  
  51  8:20  Marine x2  
  51  8:21  Marine  
  51  8:24  SCV  
  51  8:25  Marine  
  51  8:26  Marine  
  57  8:36  SCV  
  57  8:38  Marine x2  
  57  8:39  Marine  
  61  8:43  Marine, Sensor Tower  
  61  8:44  Marine  
  61  8:45  SCV  
  64  8:49  SCV  
  65  8:57  SCV, Marine  
  65  8:58  Combat Shield  
  65  9:00  Marine  
  65  9:01  SCV, Marine x3  
  71  9:13  SCV  
  71  9:14  Marine  
  70  9:25  SCV  
  70  9:29  Siege Tank  
  74  9:32  Marine  
  75  9:44  Command Center  
  68  10:57  Marine  
  68  10:58  Marine x4  
  68  11:01  SCV  
  74  11:13  SCV  
  74  11:15  Marine x2  
  74  11:16  Marine x3  
  80  11:25  SCV  
  80  11:33  Marine x5  
  80  11:37  SCV  
  83  11:49  SCV  
  83  11:51  Marine x2  
  86  11:59  Marine  
  86  12:00  Marine x2  
  86  12:06  Weapon Refit  
  86  12:07  Armory  
  86  12:27  Command Center  
  81  12:34  Marine  
  81  12:35  Marine  
  81  12:36  Marine  
  71  12:37  Marine x2  
  63  12:55  Marine  
  64  12:59  Marine  
  64  13:00  Marine  
  64  13:01  Marine x2  
  68  13:12  Marine  
  68  13:17  Marine  
  68  13:18  Marine  
  68  13:19  Missile Turret, Marine x2  
  65  13:30  Marine  
  66  13:35  Marine  
  66  13:36  Marine x2  
  66  13:37  Marine  
  70  13:48  Marine  
  70  13:49  Terran Infantry Weapons Level 2, Terran Infantry Armor Level 2  
  70  13:53  Marine x2  
  70  13:54  Marine  
  70  13:55  Marine  
  75  14:06  Marine  
  76  14:10  Orbital Command  
  76  14:27  Marine  
  76  14:28  Marine x4  
  81  14:45  Marine  
  81  14:46  Marine x4  
  86  15:08  Marine  
  86  15:10  Marine  
  86  15:12  Marine  
  86  15:14  Marine  
  86  15:43  Command Center  
  86  16:15  Marine x5  
  91  16:33  Marine x2  
Tags
 
Add a new tag
Caveats
  • Supply blocks, unpowered buildings, or Contaminate may cause inaccurate times.
  • Supply counts are checked every 10 seconds.